NCommander, chaotic female sylph Rogue --- --.------ --...%...------------------ |.........................| |.....|.|..----------- - --...-----....| --....-- ...-- -----......| -...--- --..........-## -....| --.............-#--....-- |.............^...>.....| |-.................(.---- |...................-| -.--.|.--.....Gh.....| .- ---- -.....@G....-- |....----..--- |...-- |..- -...| ---.- ....| .. --.--- .| -- -- NCommander the Cutpurse Experience level: 5 Strength: 13 Dexterity: 18 Constitution: 16 Intelligence: 9 Wisdom: 13 Charisma: 6 Health: 0(51) Energy: 21(21) Def: 0 Gold: 429 Moves: 3506 Dungeon seed: 9k34uyf4Mp7vOUmO Game ID: NCommander_1476050550 Your Inventory: Coins $ - 429 gold pieces Weapons a - an uncursed corroded +0 short sword (weapon in hand) t - an uncursed corroded +0 dagger v - an uncursed +0 dagger w - 7 uncursed +0 daggers Armor e - an uncursed +1 leather armor q - an uncursed +0 dwarvish cloak (being worn) z - an uncursed +0 pair of iron shoes Comestibles C - an uncursed clove of garlic M - an uncursed food ration Scrolls l - 2 uncursed scrolls of scare monster p - an uncursed scroll of enchant weapon B - an uncursed scroll of light D - 2 uncursed scrolls of identify L - a blessed scroll of blank paper O - an uncursed scroll of fire Spellbooks Y - an uncursed spellbook of healing Potions c - an uncursed potion of sickness i - an uncursed potion of gain energy j - an uncursed potion of healing u - a blessed potion of see invisible P - a cursed potion of blindness Rings m - an uncursed ring of sustain ability Wands h - an uncursed wand of opening (0:3) A - an uncursed wand of enlightenment (0:12) T - an uncursed wand of enlightenment (0:11) Z - an uncursed wand of lightning (0:7) Tools d - an uncursed lock pick f - an uncursed sack g - an uncursed blindfold s - an uncursed wax candle (0:400) x - an uncursed stethoscope E - an uncursed blindfold H - an uncursed wooden harp I - an uncursed +0 pick-axe Gems n - an uncursed jade r - an uncursed worthless piece of black glass y - 2 uncursed fluorites N - an uncursed worthless piece of yellow glass Spells and supernatural/magical abilities: Name Level Category Fail Memory W - pray for help -- divine ? -- Your skills at the end: Miscellaneous Skills wands [Basic] Weapon Skills dagger [Basic] short sword [Basic] Spellcasting Skills healing spells [Basic] Final Attributes: You were devoutly aligned. You had wounded lower currents. Your writing hand was thoroughly cramped from overuse. You saw invisible. You were telepathic. You had infravision. You were somewhat stealthy. You were protected from shape changers. You are dead. Vanquished creatures: a leprechaun a dog a dingo a rock piercer 2 gnome lords a gray ooze a puppy a floating eye 4 dwarves a homunculus an iguana a jitterbug a giant bat a hobbit 2 acid blobs a gecko 3 giant rats a yellow mold a red mold 10 gnomes 6 jackals 2 kobolds 3 newts 4 sewer rats a grid bug 2 lichens 54 creatures vanquished. Voluntary challenges: You did not adorn yourself with jewelry or accessories. You did not cause conflict. You were not invisible. You did not have reflection. You were not displaced. You used a wielded weapon 92 times, starting on turn 37. You did not apply a unicorn horn. You did not use plumbed fixtures. You did not drink any magical draughts. You read items or engraved 5 times, starting on turn 291. You never genocided any monsters. You never polymorphed an object. You never changed form. You used no wishes. You never split a pudding. You wrote Elbereth's name 5 times, starting on turn 291. You violated your moral code, losing 3 points of alignment, starting on turn 3. Dungeon overview: The Dungeons of Doom: levels 1 to 7 Level 1 some fountains a long staircase Level 2 Level 3 Level 4 stairs to The Gnomish Mines Level 5 a fountain Level 6 Level 7 The Gnomish Mines: levels 5 to 7 Level 5 stairs to The Dungeons of Doom Level 6 <- You were here Level 7 History has recorded: On T:1 you entered the Dungeons of Doom to retrieve the Amulet of Yendor! On T:550 you reached level 2 of The Dungeons of Doom. On T:614 you advanced to experience level 2. On T:981 you reached level 3 of The Dungeons of Doom. On T:1099 you prayed to Kos. On T:1213 you reached level 4 of The Dungeons of Doom. On T:1387 you advanced to experience level 3. On T:1564 you reached level 5 of The Dungeons of Doom. On T:1802 you reached level 1 of The Gnomish Mines. On T:1907 you prayed to Kos. On T:1994 you advanced to experience level 4. On T:2043 you reached level 6 of The Dungeons of Doom. On T:2134 you reached level 7 of The Dungeons of Doom. On T:2618 you advanced to experience level 5. On T:2815 you prayed to Kos. On T:3425 you reached level 2 of The Gnomish Mines. On T:3446 you prayed to Kos. On T:3485 you reached level 3 of The Gnomish Mines. Score breakdown: Gold: 429 ( 42 points) Experience: 5 levels ( 400 points) Exploration: 7 levels ( 180 points) Discoveries: 23 items ( 1150 points) Variety of kills: 26 monsters ( 1300 points) Major goal: (nothing yet) ( 0 points) Survival: died (score multiplied by 3) Total score: 9216 Latest messages: A gush of water hits the gnome lord's right arm! You are carrying too much to get through. KAABLAMM!!! You triggered a land mine! Your movements are slowed slightly because of your load. You fall into a pit! The gnome punches you! The gnome lord punches you! You are still in a pit. The gnome punches you! (2x) The dwarf swings her pick-axe at the rogue. The dwarf hits you! You write in the dust with your fingers. The gnome lord turns to flee! You stab the gnome. The gnome punches you! (2x) The dwarf swings her pick-axe at the rogue. The dwarf hits you! You add to the writing in the dust with your fingers. Your writing hand is beginning to cramp. You manage to get your message written, but the effort is draining. The gnome punches you! (2x) The dwarf swings her pick-axe at the rogue. The dwarf hits you! You die... The sack is empty. Final status: Goodbye NCommander the Rogue, killed by a dwarf... You died in The Gnomish Mines on dungeon level 6 with 9216 points, and 429 pieces of gold, after 3506 moves. You were level 5 with a maximum of 51 hit points when you died.